 Dungeon Crawl Stone Soup version 0.27-a0-1196-g3e9cee4cb2 (webtiles) character file.

Game seed: 13290839955112310563

84 mg7810 the Ruffian (level 4, 0/40 HPs)
             Began as a Draconian Monk on May 29, 2021.
             Was a Believer of Qazlal.
             Slain by a jackal (2 damage)
             ... on level 3 of the Dungeon.
             The game lasted 00:06:28 (2613 turns).

mg7810 the Ruffian (Draconian Monk)                 Turns: 2613, Time: 00:06:29

Health: 0/40       AC:  5    Str: 14    XL:     4   Next: 24%
Magic:  4/4        EV: 12    Int: 11    God:    Qazlal [**....]
Gold:   45         SH:  2    Dex: 13    Spells: 3/3 levels left

rFire    . . .     SeeInvis .   e - +4 hand axe
rCold    . . .     Faith    .   (no shield)
rNeg     . . .     Spirit   .   (armour unavailable)
rPois    .         Reflect  .   (helmet restricted)
rElec    .         Harm     .   (no cloak)
rCorr    .         Rampage  .   (no gloves)
Will     .....                  (no boots)
Stlth    ++........             (no amulet)
HPRegen  0.13/turn              (no ring)
MPRegen  0.09/turn              (no ring)

@: no status effects
A: AC +5, unfitting armour, cold-blooded
a: Renounce Religion, Upheaval


You were on level 3 of the Dungeon.
You worshipped Qazlal.
Qazlal was pleased with you.
You visited 1 branch of the dungeon, and saw 3 of its levels.

You collected 45 gold pieces.

Inventory:

Hand Weapons
 c - a +1 dagger of flaming
 e - a +4 hand axe (weapon)
Scrolls
 a - a scroll of magic mapping {unknown}
 b - a scroll of identify {unknown}
 d - a scroll of vulnerability {unknown}


   Skills:
 + Level 3.7 Fighting
 + Level 3.0 Dodging
 + Level 2.2 Stealth
 + Level 4.3 Unarmed Combat
 * Level 0.2 Invocations


You had 3 spell levels left.
You didn't know any spells.
Your spell library was empty.

Dungeon Overview and Level Annotations

Branches:
Dungeon (3/15)

Altars:
Qazlal


Innate Abilities, Weirdness & Mutations

Your plain brown scales are hard. (AC +5)
You cannot fit into any form of body armour.
You are cold-blooded and may be slowed by cold attacks.


Message History

The endoplasm freezes you.
You are frozen.
You feel yourself slow down.
You hit the endoplasm.
The endoplasm is almost dead.
You hit the worm.
You feel yourself speed up.
An orc comes into view. It is wielding a +0 dagger.
The endoplasm freezes you.
You are frozen.
You feel yourself slow down. The worm bites you! The endoplasm freezes you.
You are frozen.
The orc moves out of view.
You hit the endoplasm.
You kill the endoplasm!
Qazlal accepts your kill.
You hit the worm.
You feel yourself speed up. You block the worm's attack.
The frilled lizard closely misses you. The worm bites you!
You slash the frilled lizard!
You kill the frilled lizard!
Qazlal accepts your kill.
You hit the worm but do no damage.
A ball python comes into view.
The jackal misses you.
The ball python moves out of view.
You closely miss the jackal. You hit the worm. The jackal closely misses you.
The worm bites you!
* * * LOW HITPOINT WARNING * * *
The jackal barely misses you.
You closely miss the jackal. You tail-slap the jackal.
The jackal is severely wounded.
You hit the worm. The jackal closely misses you. The worm bites you!
* * * LOW HITPOINT WARNING * * *
The jackal bites you but does no damage.
Unknown command.
You aren't carrying any potions.
You hear an angry hiss.
A ball python comes into view.
The jackal closely misses you. The jackal bites you.
You die...

#.##... .. #
####.##..#
.#.#
#....#...###..
##.###......#
#.# #....#.#
#.# #...w.)#
#.# #.S.###.S#
##.###h#.# #.#
#....@.#.# .#
########..
...# ....
..### .#


You could see a worm, a jackal and a ball python.

Vanquished Creatures
  An adder (D:2)
  2 worms (D:2)
  3 dart slugs
  An orc (D:2)
  4 ball pythons (D:1)
  5 bats
  3 endoplasms
  3 giant cockroaches (D:1)
  3 goblins
  10 hobgoblins
  6 jackals (D:2)
  6 kobolds
  2 quokkas
  A frilled lizard (D:3)
  3 rats
53 creatures vanquished.

Notes
Turn   | Place    | Note
-------+----------+-------------------------------------------
     0 | D:1      | mg7810 the Draconian Monk began the quest for the Orb.
     0 | D:1      | Reached XP level 1. HP: 19/19 MP: 1/1
    71 | D:1      | Reached XP level 2. HP: 13/26 MP: 2/2
   721 | D:1      | Reached XP level 3. HP: 20/33 MP: 3/3
   963 | D:1      | Found a faded altar of an unknown god.
  1757 | D:2      | Reached skill level 4 in Unarmed Combat
  1797 | D:2      | Found a stormy altar of Qazlal.
  2109 | D:2      | Reached XP level 4. HP: 20/40 MP: 4/4
  2532 | D:2      | Became a worshipper of Qazlal Stormbringer
  2532 | D:2      | Reached * piety under Qazlal
  2532 | D:2      | Reached ** piety under Qazlal
  2608 | D:3      | HP: 2/40 [worm (9)]
  2613 | D:3      | Slain by a jackal

Illustrated notes

Levels and vault maps discovered:
D:1:      heliophobic_arrival_dark_side_of_the_moon, layout_basic,
          shapermc_ecumenical_altar_gd
D:2:      layout_loops_cross, basic_altar, nrook_mini_vaults,
          grunt_ministairs_14
D:3:      layout_basic, dancing_weapons_uskayaw, tgw_trog, serial_shops, shop,
          minmay_starry_boxes

Skill      XL: |  1  2  3 |
---------------+----------+-----
Stealth        | 2 |  2.2
Dodging        | 3 |  3.0
Unarmed Combat | 4 |  4.3
Fighting       | |  3.7
Invocations    | |  0.2

Action                   |  1- 3 |  4- 6 || total
-------------------------+-------+-------++-------
Melee: Unarmed           |   161 |    27 ||   188
       Tailslap          |    10 |     5 ||    15
       Punch             |     3 |       ||     3
       Hand axe          |       |     9 ||     9
  Use: Potion            |     4 |       ||     4
 Stab: Sleeping          |     5 |       ||     5
Armor: Skin              |    56 |     9 ||    65
Dodge: Dodged            |   101 |    25 ||   126
Block: Other             |       |     1 ||     1

Table legend: (Time is in decaauts)
 A = Elapsed time spent in this place.
 B = Non-inter-level travel time spent in this place.
 C = Inter-level travel time spent in this place.
 D = Time resting spent in this place.
 E = Time spent auto-exploring this place.
 F = Levels seen in this place.
 G = Mean time per level.
                   A        B        C        D        E       F      G
               +--------+--------+--------+--------+--------+-----+--------+
         Total |   2602 |   2485 |    117 |      0 |   1978 |   3 |  867.3 |
       Dungeon |   2602 |   2485 |    117 |      0 |   1978 |   3 |  867.3 |
               +--------+--------+--------+--------+--------+-----+--------+

Top non-repeatable levels by time:
     D:2: 1433 daAuts
     D:1: 1122 daAuts
     D:3: 46 daAuts
